AoeStats
← Fairy22

African Clearing

510950352Analyzed
4v4 RM · 13h ago on Oct 3, 2026· 23m 14s· 8 players
Game mode
Random Map
Map size
Large (8 player)
Population
200
Speed
Normal
Resources
Standard
Victory
Conquest
Starting age
Dark Age
Ending age
Imperial Age
RankedLock teamsTeams togetherTeam positionsShared explorationLock speedFull tech treeHidden civsTurbo modeCheats
Victory
Defeat
1243
+12
🇨🇳 Jurchens · China
1198
+13
🇨🇳 Burgundians · China
1016
+21
🇨🇳 Persians · China
1007
+20
🇩🇪 Cumans · Germany
1167
-18
🇹🇼 Huns · Taiwan
1138
-17
🇦🇺 Huns · Australia
1121
-16
🇦🇺 Vietnamese · Australia
1101
-15
xoxodniw
3:48 Loom
16:51 Feudal Age
20:23 Castle Age
18:26 Double-Bit Axe
18:35 Gold Mining
19:20 Fletching
19:56 Padded Archer Armor
20:55 Wheelbarrow
22:06 Bodkin Arrow
22:50 Bow Saw
Mr. Takoyaki-san
12:40 Loom
14:30 Feudal Age
19:33 Castle Age
19:59 Wheelbarrow
Lichtenauer_OP
4:11 Loom
14:25 Feudal Age
15:30 Double-Bit Axe
16:59 Horse Collar
ants
16:50 Feudal Age
25:20 Castle Age
高老头子
10:28 Loom
13:54 Feudal Age
18:59 Castle Age
17:18 Double-Bit Axe
18:54 Scale Barding Armor
18:59 Forging
21:21 Bloodlines
21:13 Husbandry
23:08 Chain Barding Armor
精神老头
12:54 Feudal Age
19:05 Castle Age
19:03 Double-Bit Axe
传奇耐电王汤恩伯
10:24 Loom
12:35 Feudal Age
17:08 Bloodlines
21:03 Scale Barding Armor
24:36 Castle Age
23:46 Forging
Fairy22
5:46 Loom
12:25 Feudal Age
12:47 Feudal Age
14:33 Double-Bit Axe
20:20 Castle Age
18:12 Stone Mining
20:24 Scale Mail Armor
21:46 Chain Mail Armor
22:14 Fletching
Connection lost

Rejoining the realm…

Still unreachable

The connection could not be restored.

Session expired

The server has moved on; the page needs a fresh start.